AoeStats
← MonoLink

Arabia

510462424Analyzed
1v1 RM · 2d ago on Oct 1, 2026· 46m 49s· 2 players
Game mode
Random Map
Map size
Tiny (2 player)
Population
200
Speed
Normal
Resources
Standard
Victory
Conquest
Starting age
Dark Age
Ending age
Imperial Age
RankedLock teamsTeams togetherTeam positionsShared explorationLock speedFull tech treeHidden civsTurbo modeCheats
Victory
Defeat
🇲🇽 Khmer · Mexico
1623
+17
🇨🇴 Italians · Colombia
1642
-17
MonoLink
6:01 Loom
8:59 Feudal Age
13:27 Double-Bit Axe
13:53 Horse Collar
16:04 Town Watch
16:16 Fletching
19:16 Wheelbarrow
21:57 Castle Age
20:21 Padded Archer Armor
21:23 Gold Mining
22:08 Bloodlines
22:15 Light Cavalry
22:56 Husbandry
23:24 Bodkin Arrow
24:05 Scale Barding Armor
25:16 Chain Barding Armor
26:23 Forging
27:45 Stone Mining
29:41 Leather Archer Armor
32:20 Iron Casting
33:25 Bow Saw
37:34 Imperial Age
38:04 Ballistics
39:13 Bracer
40:15 Chemistry
39:20 Hussar
40:35 Elite Skirmisher
42:27 Ring Archer Armor
45:12 Conscription
Enterprise
6:08 Loom
10:03 Feudal Age
10:26 Man-at-Arms
21:11 Castle Age
20:10 Double-Bit Axe
20:07 Horse Collar
20:25 Fletching
20:43 Scale Barding Armor
20:48 Forging
23:51 Chain Barding Armor
23:51 Bloodlines
25:16 Town Watch
30:16 Fletching
39:47 Imperial Age
39:08 Bodkin Arrow
39:13 Padded Archer Armor
39:24 Husbandry
39:57 Bow Saw
39:49 Heavy Plow
40:22 Fortified Wall
40:43 Ballistics
40:42 Cavalier
44:54 Conscription
44:44 Husbandry
47:32 Chemistry
Connection lost

Rejoining the realm…

Still unreachable

The connection could not be restored.

Session expired

The server has moved on; the page needs a fresh start.